Map: [EWC] Alcyone

Players

GuMiho - Winner!

  • Race: Terran Terran
  • Spawn Location: 7:00

HeroMarine

  • Race: Terran Terran
  • Spawn Location: 1:00

Event: Esports World Cup 2024

VOD

Have the link to the VOD?

Description

Time

  • Played on: Aug. 15, 2024, 7:17 a.m.
  • Length: 16:20

All games in this series

Show
View Real Time Build Order
Export as new Build Order

GuMiho Terran - Winner!

Build Orders: Cyclone Opening, Mech 

Get SALT Encoding   

  12  0:00  SCV  
  13  0:12  SCV  
  14  0:16  Supply Depot  
  14  0:24  SCV  
  15  0:38  SCV  
  15  0:40  Barracks  
  15  0:42  Refinery  
  16  0:50  SCV  
  16  0:52  Refinery  
  17  1:02  SCV  
  18  1:14  SCV  
  19  1:27  Orbital Command, Reaper  
  20  1:33  Supply Depot  
  20  1:39  Factory  
  20  1:52  SCV  
  21  1:59  Reaper  
  22  2:04  SCV  
  23  2:14  Command Center  
  23  2:17  SCV  
  24  2:23  Cyclone  
  24  2:29  SCV  
  27  2:36  Starport  
  27  2:41  SCV  
  28  2:44  Supply Depot  
  28  2:47  Barracks Reactor  
  28  2:53  SCV  
  28  2:57  Cyclone  
  31  3:06  SCV  
  31  3:14  Medivac  
  31  3:18  SCV  
  34  3:26  Marine x2  
  36  3:29  Cyclone  
  36  3:30  SCV  
  38  3:37  Orbital Command  
  37  3:42  SCV  
  37  3:44  Marine x2  
  37  3:46  Viking  
  42  3:53  Supply Depot  
  42  3:54  SCV  
  43  4:01  Factory Tech Lab  
  43  4:07  Marine x2  
  38  4:20  SCV  
  38  4:21  SCV  
  40  4:28  Siege Tank  
  43  4:33  SCV x2  
  43  4:34  Liberator  
  43  4:38  Marine x2  
  49  4:45  SCV x2  
  52  4:49  Supply Depot  
  52  4:56  Marine x2  
  52  4:57  Supply Depot  
  54  5:11  SCV x2, Siege Tank  
  59  5:18  Supply Depot  
  56  5:29  Marine x2  
  56  5:32  Command Center  
  56  5:33  SCV x2  
  59  5:43  Siege Tank  
  59  5:47  Marine x2  
  55  6:02  SCV  
  55  6:03  SCV  
  50  6:04  Marine  
  50  6:05  Starport Tech Lab, Marine  
  52  6:15  SCV x2  
  52  6:16  Refinery x2  
  54  6:22  Siege Tank, Marine x2  
  59  6:27  SCV x2  
  60  6:39  SCV x2  
  60  6:51  SCV x2  
  60  6:54  Factory  
  60  6:55  Orbital Command, Armory  
  60  6:56  Factory  
  60  6:58  Armory  
  60  6:59  Siege Tank  
  60  7:00  Viking  
  65  7:03  SCV x2  
  65  7:08  Viking  
  69  7:14  Refinery  
  69  7:15  SCV x2, Refinery  
  71  7:24  SCV  
  71  7:27  SCV x2  
  74  7:36  SCV  
  69  7:41  Viking x2  
  69  7:42  SCV x2  
  73  7:46  Factory Reactor  
  73  7:48  Terran Vehicle And Ship Armor Level 1, Terran Vehicle Weapons Level 1, SCV  
  74  7:53  Command Center  
  74  7:54  SCV x2  
  76  8:00  SCV  
  76  8:02  Supply Depot  
  76  8:03  Supply Depot x2  
  76  8:04  Siege Tank x2  
  83  8:06  SCV x2  
  83  8:12  SCV  
  86  8:14  Viking  
  86  8:16  Viking  
  86  8:18  SCV x2  
  92  8:24  SCV  
  92  8:26  Supply Depot  
  93  8:27  Supply Depot  
  93  8:30  SCV  
  93  8:32  SCV, Factory  
  93  8:34  Factory  
  95  8:36  Engineering Bay  
  95  8:38  Siege Tank  
  98  8:46  SCV x3  
  98  8:48  Viking x2  
  105  8:57  Supply Depot x2  
  105  8:58  SCV x2  
  105  8:59  SCV  
  105  9:02  Siege Tank  
  111  9:03  Infernal Pre-Igniter  
  111  9:07  Hellion  
  111  9:08  Hellion  
  115  9:10  Siege Tank, Missile Turret  
  115  9:14  SCV x3  
  121  9:18  Sensor Tower  
  121  9:19  Factory Tech Lab  
  121  9:20  Factory Reactor, Viking  
  121  9:23  Viking  
  125  9:26  SCV  
  125  9:27  SCV x2  
  128  9:35  Hellion x2  
  132  9:39  SCV x3  
  132  9:44  Thor  
  141  9:51  Missile Turret x2  
  140  9:52  Missile Turret  
  140  9:58  Thor  
  145  10:00  Thor  
  111  10:22  Hellion x3  
  111  10:23  Hellion  
  111  10:25  Viking  
  111  10:27  Thor  
  123  10:29  Viking  
  123  10:40  Thor  
  120  10:44  SCV x3  
  120  10:45  Terran Vehicle Weapons Level 2  
  120  10:50  Hellion x2  
  120  10:51  Hellion x3  
  120  10:56  SCV x3  
  133  10:59  Terran Vehicle And Ship Armor Level 2  
  133  11:02  Orbital Command, Refinery  
  133  11:03  Refinery  
  133  11:08  SCV x3  
  133  11:10  Hellion  
  138  11:12  Hellion, Medivac x2  
  144  11:20  Hellion x2  
  144  11:21  Hellion x2  
  144  11:22  Factory  
  146  11:34  Thor  
  146  11:37  SCV x3  
  153  11:43  Factory  
  153  11:47  Missile Turret  
  153  11:49  Thor, Command Center  
  159  11:57  Hellion x2  
  163  12:03  Supply Depot  
  163  12:05  Supply Depot  
  163  12:25  Thor, Hellion  
  163  12:27  Hellion x4  
  179  12:38  Hellion  
  169  12:44  Factory Tech Lab  
  169  12:46  Factory  
  169  12:47  Hellion  
  169  12:48  Hellion x2  
  169  12:49  Hellion x2, Medivac x2  
  169  12:50  Factory  
  179  12:54  SCV  
  180  13:00  SCV x3  
  180  13:01  Hellion  
  183  13:10  Command Center  
  183  13:11  Hurricane Engines  
  181  13:14  Siege Tank x2  
  181  13:15  Hellion x3  
  181  13:19  Medivac  
  195  13:22  Terran Vehicle Weapons Level 3, Terran Vehicle And Ship Armor Level 3  
  195  13:36  Medivac  
  193  13:43  Hellion  
  193  13:45  Hellion  
  195  13:50  Hellion  
  195  13:51  Hellion  
  195  14:01  Siege Tank  
  195  14:02  Siege Tank  
  195  14:05  Hellion  
  195  14:16  Unknown, Hellion  
  195  14:17  Hellion  
  195  14:19  Siege Tank  
  190  14:28  Factory Reactor, Factory Tech Lab  
  188  14:33  Siege Tank  
  188  14:34  Siege Tank  
  188  14:37  Siege Tank  
  191  14:51  Siege Tank  
  191  15:03  Thor  
  191  15:05  Thor  
  199  15:09  Hellion x2  
  199  15:10  Hellion  
  199  15:17  Orbital Command  
  195  15:38  Hellion  
  195  15:39  Hellion  
  195  15:40  Hellion x5  
  195  15:42  Hellion x2  
  195  15:46  Hellion  
  195  15:49  Hellion  
Show
View Real Time Build Order
Export as new Build Order

HeroMarine Terran 

Build Orders:  

Get SALT Encoding   

  12  0:00  SCV  
  13  0:12  SCV  
  14  0:17  Supply Depot  
  14  0:24  SCV  
  15  0:38  SCV  
  15  0:40  Barracks  
  15  0:42  Refinery  
  16  0:50  SCV  
  16  0:52  Refinery  
  17  1:02  SCV  
  18  1:15  SCV  
  19  1:27  Orbital Command, Barracks Reactor  
  19  1:29  Supply Depot  
  19  1:41  Factory  
  19  1:52  SCV  
  20  2:03  Reaper x2  
  20  2:04  SCV  
  23  2:16  SCV  
  24  2:24  Command Center  
  24  2:27  Hellion  
  24  2:29  SCV  
  27  2:35  Reaper x2  
  29  2:40  Supply Depot  
  30  2:50  Hellion  
  31  2:53  Starport  
  31  3:00  SCV  
  31  3:09  Reaper  
  31  3:11  Hellion  
  31  3:12  SCV  
  35  3:13  Reaper  
  35  3:24  SCV  
  36  3:36  SCV  
  36  3:38  Cyclone  
  39  3:44  Starport Tech Lab  
  39  3:58  Refinery  
  39  4:02  Command Center  
  39  4:06  SCV  
  40  4:11  Raven, Factory Tech Lab  
  40  4:17  Orbital Command  
  40  4:18  SCV, Marine x2  
  42  4:30  SCV  
  41  4:35  Marine  
  41  4:40  Marine  
  41  4:41  Cyclone  
  41  4:42  SCV  
  41  4:43  SCV  
  43  4:49  Raven  
  45  4:54  SCV  
  45  4:55  SCV  
  45  4:57  Interference Matrix  
  45  4:59  Marine x2  
  48  5:06  SCV  
  47  5:07  SCV  
  47  5:14  Siege Tank  
  47  5:17  Marine  
  47  5:18  SCV  
  47  5:19  SCV  
  53  5:22  Orbital Command  
  50  5:30  SCV  
  50  5:31  SCV  
  50  5:32  Raven, Marine  
  50  5:35  Marine  
  54  5:43  SCV x2  
  56  5:52  SCV  
  56  5:55  SCV x2  
  53  6:02  Orbital Command  
  53  6:03  Marine x2  
  53  6:04  Siege Tank, SCV  
  52  6:07  SCV x2  
  51  6:19  SCV x2  
  51  6:21  Marine  
  51  6:22  Marine  
  52  6:34  SCV  
  52  6:36  Siege Tank  
  52  6:38  SCV  
  57  6:46  SCV  
  58  6:50  SCV, Viking x2  
  58  6:52  Supply Depot  
  62  6:54  SCV  
  62  6:56  Refinery  
  62  6:58  SCV  
  62  7:00  Marine  
  65  7:02  SCV  
  65  7:06  SCV  
  67  7:10  SCV  
  67  7:14  Siege Tank, SCV  
  72  7:17  Supply Depot  
  72  7:18  Supply Depot  
  72  7:20  Orbital Command  
  72  7:23  SCV, Marine  
  72  7:25  Viking  
  72  7:26  SCV  
  72  7:29  Supply Depot x2  
  77  7:35  SCV  
  76  7:38  SCV  
  76  7:43  Marine  
  76  7:47  SCV  
  76  7:48  SCV  
  76  7:49  Starport  
  76  7:50  SCV  
  79  7:51  Starport  
  79  7:52  Siege Tank  
  81  8:00  SCV x2  
  81  8:02  SCV, Viking x2  
  81  8:04  Refinery  
  86  8:06  Refinery  
  86  8:12  SCV x2  
  88  8:14  SCV  
  88  8:16  Marine  
  90  8:20  Engineering Bay  
  90  8:24  Siege Tank, SCV  
  90  8:25  SCV  
  90  8:27  SCV, Viking  
  96  8:28  Viking  
  100  8:35  Viking  
  100  8:36  SCV, Viking  
  100  8:37  SCV  
  100  8:39  SCV  
  100  8:41  Supply Depot  
  107  8:42  Supply Depot  
  108  8:52  Missile Turret  
  108  8:54  Missile Turret  
  109  8:57  Viking  
  109  9:00  Siege Tank, Liberator  
  115  9:05  SCV x3, Viking  
  115  9:06  Viking  
  123  9:15  Command Center  
  122  9:17  Sensor Tower  
  122  9:18  SCV x2, Factory  
  122  9:21  SCV  
  125  9:27  Viking  
  127  9:31  SCV x2  
  127  9:33  SCV  
  127  9:34  Supply Depot  
  127  9:35  Supply Depot, Viking  
  132  9:43  Supply Depot  
  132  9:44  Supply Depot  
  132  9:54  Supply Depot  
  132  9:56  Siege Tank, Viking x2  
  139  10:01  Siege Tank, Armory  
  139  10:02  Armory  
  131  10:18  SCV  
  131  10:19  SCV x2  
  128  10:21  Viking  
  128  10:22  Viking  
  128  10:25  Viking  
  128  10:28  Siege Tank  
  137  10:31  SCV x3  
  137  10:33  Siege Tank  
  120  10:43  SCV x3  
  117  10:52  Command Center  
  117  10:54  Viking x3  
  117  10:55  SCV x2, Viking  
  124  11:00  Siege Tank  
  127  11:06  Siege Tank  
  127  11:11  Terran Vehicle And Ship Armor Level 1, Terran Vehicle Weapons Level 1, Refinery x2  
  130  11:18  Planetary Fortress  
  130  11:22  Missile Turret  
  130  11:23  SCV x3  
  123  11:34  Starport Tech Lab x2  
  123  11:35  Siege Tank, SCV x3  
  129  11:40  Siege Tank  
  132  11:47  SCV x3  
  132  11:49  Command Center  
  135  11:55  SCV  
  135  11:56  Factory x2  
  135  11:58  Factory  
  135  11:59  SCV, Viking x2  
  139  12:19  Supply Depot  
  139  12:21  SCV  
  139  12:22  SCV  
  138  12:29  SCV x2  
  140  12:33  Siege Tank x2, SCV  
  140  12:34  SCV  
  140  12:38  Viking x4  
  140  12:41  SCV x2, Factory Tech Lab x2  
  140  12:42  Factory Reactor  
  145  12:45  SCV  
  145  12:46  SCV, Missile Turret  
  145  12:49  Planetary Fortress  
  147  12:53  Refinery  
  147  12:55  SCV  
  147  12:58  SCV  
  150  12:59  SCV, Siege Tank  
  150  13:02  Siege Tank  
  150  13:04  Refinery  
  156  13:08  Viking  
  156  13:10  Infernal Pre-Igniter  
  158  13:13  Hellion x2  
  158  13:18  Missile Turret  
  158  13:19  Missile Turret  
  162  13:22  Raven x2  
  165  13:27  SCV  
  165  13:28  SCV x2, Sensor Tower  
  165  13:31  SCV, Hellion  
  162  13:34  Siege Tank x2, Hellion  
  162  13:37  SCV  
  162  13:40  SCV x2  
  166  13:45  SCV  
  166  13:46  SCV  
  156  13:49  SCV  
  156  13:52  SCV, Siege Tank  
  157  13:56  Siege Tank  
  157  13:59  Raven  
  157  14:01  Raven  
  164  14:10  Siege Tank  
  164  14:16  Siege Tank  
  169  14:22  Hellion x2  
  151  14:26  Siege Tank  
  149  14:32  Siege Tank  
  149  14:33  Raven, SCV  
  149  14:35  SCV x2  
  149  14:38  SCV x2  
  157  14:39  SCV  
  157  14:42  Siege Tank  
  159  14:48  Siege Tank  
  159  14:50  Orbital Command  
  161  14:55  Raven  
  161  14:58  Siege Tank  
  143  15:08  Raven  
  143  15:14  Siege Tank  
  143  15:15  Siege Tank  
  143  15:20  Refinery  
  141  15:27  Siege Tank  
  137  15:37  Siege Tank  
  137  15:41  Hellion  
  126  15:45  SCV x2  
  126  15:46  Siege Tank  
  123  16:01  SCV  
Tags
 
Add a new tag
Caveats
  • Supply blocks, unpowered buildings, or Contaminate may cause inaccurate times.
  • Supply counts are checked every 10 seconds.